 Dungeon Crawl Stone Soup version 0.17-a0-2058-g8b0eb12 (webtiles) character file.

35 Ordine the Skirmisher (level 3, 0/51 HPs)
             Began as a Minotaur Berserker on Oct 12, 2015.
             Was a Believer of Trog.
             Slain by a goblin
             ... wielding a +0 dagger
              (2 damage)
             ... on level 2 of the Dungeon.
             The game lasted 00:05:22 (863 turns).

Ordine the Skirmisher (Minotaur Berserker)           Turns: 863, Time: 00:05:22

Health: 0/51       AC:  2    Str: 26    XL:     3   Next: 17%
Magic:  2/2        EV: 12    Int:  4    God:    Trog [**....]
Gold:   100        SH:  0    Dex: 10    Spells: 0 memorised, 2 levels left

rFire  . . .     SeeInvis .     a - +0 mace
rCold  . . .     Clarity  .     b - +0 animal skin
rNeg   . . .     SustAt   .     (no shield)
rPois  .         Gourm    .     (helmet restricted)
rElec  .         Spirit   .     (no cloak)
rCorr  .         Warding  .     (no gloves)
rMut   .         Stasis   .     (no boots)
MR     .....                    (no amulet)
Stlth  ..........               (no ring)
                                (no ring)

@: berserking (expiring), very quick, not resistant to hostile enchantments,
extremely unstealthy
A: retaliatory headbutt, horns 2
a: Burn Spellbooks, Berserk, Trog's Hand, Renounce Religion


You were on level 2 of the Dungeon.
You worshipped Trog.
Trog was pleased with you.
You were not hungry.

You visited 1 branch of the dungeon, and saw 2 of its levels.

You collected 100 gold pieces.

Inventory:

Hand Weapons
 a - a +0 mace (weapon)
Armour
 b - a +0 animal skin (worn)
Jewellery
 e - an uncursed ring of teleportation
Scrolls
 i - a scroll of remove curse
Potions
 h - 2 potions of agility
 j - a potion of heal wounds {unknown}
 k - a potion of cancellation {unknown}
Comestibles
 c - 2 bread rations
 d - a beef jerky
 f - a royal jelly
 g - a chunk of flesh
 l - a meat ration


   Skills:
 + Level 4.5 Fighting
 + Level 4.4 Maces & Flails
 - Level 2.4 Armour
 - Level 2.1 Dodging


You had 2 spell levels left.
You didn't know any spells.

Dungeon Overview and Level Annotations

Branches:
Dungeon (2/15)

Altars:
Ashenzari


Innate Abilities, Weirdness & Mutations

You reflexively headbutt those who attack you in melee.
You have a pair of horns on your head.


Message History

The gnoll shouts!
The goblin shoots a stone.
The stone misses you.
Drink which item? (? for menu, Esc to quit)
Okay, then.
Use which ability?
A red film seems to cover your vision as you go berserk!
You feel yourself moving faster!
You feel mighty!
You feel somewhat more hungry.
The goblin shoots a stone.
The stone barely misses you.
You are too injured to fight recklessly!
You feel a strong urge to attack something. 2 gnolls come into view.
The gnoll shouts!
The goblin shoots a stone.
The stone barely misses you. The gnoll hits you with a club.
* * * LOW HITPOINT WARNING * * *
The goblin unwields an uncursed hunting sling.
The goblin wields an uncursed dagger.
The goblin hits you with an uncursed dagger.
You die...

.........# ..
#######..##########.# #
#...#..........## #
#.#.............###
#..#..()....$..<.... ##
#..##..(.............
.###.##....$.$..........
).....#.?........g..g...
#..##.....(.....@g..g..#
..##..##..............#
..##.. #............###
#.... ...####.####..#
..# .#.. #.# .## #..#
...# #.# # #..# .. #.#
#.# #.# ..# #


You could see 3 gnolls and a goblin.

Vanquished Creatures
  A gnoll (D:1)
  A giant gecko (D:2)
  A ball python (D:2)
  A giant cockroach (D:1)
  3 hobgoblins
  3 bats (D:1)
  3 giant newts (D:2)
  2 goblins
  7 kobolds
  2 rats
24 creatures vanquished.

Notes
Turn   | Place    | Note
--------------------------------------------------------------
     0 | D:1      | Ordine the Minotaur Berserker began the quest for the Orb.
     0 | D:1      | Reached XP level 1. HP: 19/19 MP: 0/0
   112 | D:1      | Reached skill level 4 in Fighting
   112 | D:1      | Reached XP level 2. HP: 25/27 MP: 1/1
   645 | D:2      | Found a shattered altar of Ashenzari.
   648 | D:2      | Reached XP level 3. HP: 31/34 MP: 2/2
   653 | D:2      | Acquired Trog's second power
   863 | D:2      | HP: 2/51 [gnoll/club (5)]
   863 | D:2      | Slain by a goblin

Vault maps used:
D:1:      eino_arrival_tree_alley, hangedman_decor_opposing
D:2:      lemuel_blue_sif_altar, old_standard_altar, uniq_terence

Action                   || total
-------------------------++-------
Melee: Mace              ||    40
Invok: Berserk           ||     1
  Use: Scroll            ||     6
